 Dungeon Crawl Stone Soup version 0.31.0-32-g396128a36d (webtiles) character file.

Game seed: 17305398103820732648

764 whendricso the Magician (level 8, -1/57 HPs)
             Began as a Djinni Hedge Wizard on Mar 24, 2024.
             Slain by a phantom (5 damage)
             ... on level 5 of the Dungeon.
             The game lasted 00:24:12 (6145 turns).

whendricso the Magician (Djinni Hedge Wizard)       Turns: 6145, Time: 00:24:13

Health: -1/57      AC:  3    Str: 15    XL:     8   Next: 8%
Gold:   278        EV: 12    Int: 18    God:
                   SH:  5    Dex: 13

rFire   + + .        a - +2 quarterstaff (chaos)
rCold   x . .        (shield currently unavailable)
rNeg    + . .        h - +0 robe
rPois   ∞            c - +0 hat
rElec   .            v - +0 cloak
rCorr   .            (no gloves)
SInv    .            (boots unavailable)
Will    .....        q - amulet of reflection
Stlth   ++           r - ring of positive energy
HPRegen 0.29/turn    t - +6 ring of strength
MPRegen 0.00/turn

%: reflection, infuse magic (-2 HP)
@: flying
A: sickness immunity, fire resistance 2, cold vulnerability 1, float, innate
caster, HP casting, extra vitality 1
a: no special abilities


You were on level 5 of the Dungeon.
You visited 1 branch of the dungeon, and saw 5 of its levels.

You collected 278 gold pieces.

Inventory:

Hand Weapons
 a - a +2 quarterstaff of chaos (weapon)
 b - a +2 short sword of freezing
Armour
 c - a +0 hat (worn)
 h - a +0 robe (worn)
 v - a +0 cloak (worn)
Jewellery
 q - an amulet of reflection (around neck)
 r - a ring of positive energy (left hand)
 t - a +6 ring of strength (right hand)
Wands
 y - a wand of flame (20)
Scrolls
 d - a scroll of vulnerability {unknown}
 e - a scroll of revelation {unknown}
 f - a scroll of enchant weapon {unknown}
 i - 3 scrolls of silence
 j - a scroll of fog
 l - a scroll of noise {unknown}
 n - a scroll of torment
 o - a scroll of poison
Potions
 g - 2 potions of cancellation
 k - 2 potions of resistance {unknown}
 m - 4 potions of curing {unknown}
 p - a potion of degeneration {unknown}
 s - a potion of ambrosia {unknown}
 u - a potion of might {unknown}
 w - a potion of enlightenment {unknown}
 x - a potion of heal wounds {unknown}
 z - a potion of invisibility {unknown}


   Skills:
 + Level 3.6 Fighting
 + Level 3.2 Short Blades
 - Level 3.0 Dodging
 - Level 3.0 Stealth
 * Level 5.1 Spellcasting
 * Level 5.1 Conjurations
 * Level 5.1 Hexes
   Level 0.0 Charms
 * Level 5.1 Summonings
 * Level 5.1 Necromancy
 * Level 5.1 Translocations
   Level 0.0 Transmutations
 * Level 5.1 Fire Magic
 * Level 5.1 Ice Magic
 * Level 5.1 Air Magic
 * Level 5.1 Earth Magic
 * Level 5.1 Alchemy


You knew the following spells:

 Your Spells              Type           Power      Damage    Failure   Level
a - Magic Dart            Conj           92%        1d7       1%          1
b - Slow                  Hex            92%        N/A       1%          1
c - Blink                 Tloc           46%        N/A       2%          2
d - Call Imp              Summ           46%        N/A       2%          2
e - Mephitic Cloud        Conj/Alch/Air  23%        N/A       4%          3
f - Summon Small Mammal   Summ           92%        N/A       1%          1
g - Static Discharge      Conj/Air       46%        3-5/arc   2%          2
h - Stone Arrow           Conj/Erth      46%        3d9       4%          3
Your spell library was empty.

Dungeon Overview and Level Annotations

Branches:
Dungeon (5/15)             Temple (0/1) D:5

Altars:

Shops:
D:3 (   D:5 *

Portals:
Abyss: D:4

Annotations:
D:4 2 transporters, misterblockey's ghost, amateur HOMo


Innate Abilities, Weirdness & Mutations

You are immune to sickness and miasma.
You are immune to poison.
Your flesh is very heat resistant. (rF++)
You are vulnerable to cold. (rC-)
You float through the air rather than walking.
You learn spells naturally, not from books.
Your magical power is your life essence.
You have superior vitality. (+4 MHP)


Message History

The ogre is heavily wounded.
The magic dart hits the ogre.
The ogre is severely wounded.
The magic dart hits the ogre.
The ogre is almost dead.
The ogre hits you with a +0 giant club!!
Ouch! That really hurt!
* * * LOW HITPOINT WARNING * * *
A phantom comes into view.
You are too injured to fight recklessly!
Casting: Magic Dart (safe; 1% risk of failure)
Confirm with . or Enter, or press ? or * to list all spells.
Aiming: Magic Dart (safe; 1% risk of failure)
Press: ? - help, Shift-Dir - straight line, f/p - ogre
Aim: an ogre, wielding a +0 giant club (almost dead, 100% to hit)
The magic dart hits the ogre.
You kill the ogre!
* * * LOW HITPOINT WARNING * * *
You have reached level 8!
You feel clever. The phantom attacks as it pursues you! The phantom hits you.
* * * LOW HITPOINT WARNING * * *
The phantom attacks as it pursues you! The phantom barely misses you.
You see here a +0 giant club.
Casting: Magic Dart (safe; 1% risk of failure)
Confirm with . or Enter, or press ? or * to list all spells.
A tiny devil pulls itself out of the air.
* * * LOW HITPOINT WARNING * * *
The phantom hits you.
* * * LOW HITPOINT WARNING * * *
The phantom hits you but does no damage.
Your cerulean imp hits the phantom but does no damage.
The phantom attacks as it pursues you!
The phantom hits you but does no damage.
The phantom attacks as it pursues you!
The phantom hits you but does no damage.
The phantom closely misses you.
Your cerulean imp misses the phantom.
Your cerulean imp closely misses the phantom.
The phantom attacks as it pursues you! The phantom hits you.
You die...

#.###..#.(##### #.#.#.###.
#..#..# ####.#.#.# #.
###..#..######........###.
............#####.#.......
###..#..###.###.....#)###.
......................)...
#...............)......).)
....)...(.#.###.#.###.#.#†
.........@..###.........#.
#.#......W........###.#.#.
# #.####.....######.#
###.#. #.#.####5.#### #.#
#.#. .#.#.........### #.#
#.#. .§§....)..........
.... .§≈≈≈§≈§≈≈≈≈§≈.#..
.... .§§.....§....≈....
≈≈.. .§§§≈≈≈≈§§≈≈.§.... ≈≈


You could see a phantom (ally target) and a friendly cerulean imp (summoned).

Vanquished Creatures
  An ogre (D:5)
  A phantom (D:5)
  A scorpion (D:4)
  A hound (D:5)
  An orc priest (D:3)
  An iguana (D:5)
  A sleepcap (D:4)
  An orc wizard (D:3)
  6 adders
  3 dart slugs
  2 ribbon worms
  17 orcs
  12 ball pythons
  9 endoplasms
  2 giant cockroaches (D:2)
  3 goblins
  8 hobgoblins
  4 jackals (D:2)
  11 kobolds
  4 quokkas (D:1)
  4 bats (D:3)
  6 frilled lizards
  6 rats
105 creatures vanquished.

Vanquished Creatures (collateral kills)
  Edmund (D:4)
  2 hounds (D:5)
  Crazy Yiuf (D:3)
  Terence (D:2)
  A giant cockroach (D:4)
6 creatures vanquished.

Grand Total: 111 creatures vanquished

Notes
Turn   | Place    | Note
-------+----------+-------------------------------------------
     0 | D:1      | whendricso the Djinni Hedge Wizard began the quest for the
                  | Orb.
     0 | D:1      | whendricso set off with the following spells memorised:
                  | Magic Dart, Slow, Blink, Call Imp, Mephitic Cloud.
     0 | D:1      | Reached XP level 1. HP: 15/15 MP: 0/0
    94 | D:1      | Reached XP level 2. HP: 14/21 MP: 0/0
   483 | D:1      | Reached XP level 3. HP: 24/25 MP: 0/0
   483 | D:1      | Learned a level 1 spell: Summon Small Mammal
  1293 | D:2      | Noticed Terence
  1318 | D:2      | Killed Terence
  1319 | D:2      | Reached skill level 1 in Fighting
  1319 | D:2      | Reached skill level 1 in Short Blades
  1319 | D:2      | Reached XP level 4. HP: 5/32 MP: 0/0
  1985 | D:3      | Reached XP level 5. HP: 35/37 MP: 0/0
  1985 | D:3      | Learned a level 2 spell: Static Discharge
  2630 | D:3      | Found Pialun's Weapon Shop.
  2656 | D:3      | Found a runed translucent door.
  2657 | D:3      | Noticed Crazy Yiuf
  2793 | D:3      | Killed Crazy Yiuf
  2794 | D:3      | Reached XP level 6. HP: 26/43 MP: 0/0
  3315 | D:4      | Noticed Edmund
  3329 | D:4      | HP: 2/43 [Edmund/+5 dire flail of protection (10)]
  3573 | D:4      | Found a transporter.
  3578 | D:4      | Found a transporter.
  4003 | D:4      | Noticed a toenail golem
  4013 | D:4      | Found a one-way gate to the infinite horrors of the Abyss.
  4013 | D:4      | Noticed misterblockey's ghost (amateur HOMo)
  4222 | D:4      | HP: 2/45 [Edmund/+5 dire flail of protection (12)]
  4770 | D:5      | Entered Level 5 of the Dungeon
  5092 | D:4      | Killed Edmund
  5093 | D:4      | Reached XP level 7. HP: 36/49 MP: 0/0
  5093 | D:4      | Learned a level 3 spell: Stone Arrow
  5257 | D:5      | HP: 2/49 [iguana (7)]
  5826 | D:5      | Found a staircase to the Ecumenical Temple.
  5890 | D:5      | Reached skill level 5 in Spellcasting
  5890 | D:5      | Reached skill level 5 in Conjurations
  5890 | D:5      | Reached skill level 5 in Hexes
  5890 | D:5      | Reached skill level 5 in Summonings
  5890 | D:5      | Reached skill level 5 in Necromancy
  5890 | D:5      | Reached skill level 5 in Translocations
  5890 | D:5      | Reached skill level 5 in Fire Magic
  5890 | D:5      | Reached skill level 5 in Ice Magic
  5890 | D:5      | Reached skill level 5 in Air Magic
  5890 | D:5      | Reached skill level 5 in Earth Magic
  5890 | D:5      | Reached skill level 5 in Alchemy
  6118 | D:5      | Found Guet's General Store.
  6133 | D:5      | Reached XP level 8. HP: 13/57 MP: 0/0
  6138 | D:5      | HP: 2/57 [phantom (5)]
  6145 | D:5      | Slain by a phantom

Illustrated notes

Levels and vault maps discovered:
D:1:      nicolae_arrival_washed_ashore, layout_rooms, serial_aquarium,
          aquarium_bridge_straight [aquarium_subvault_bridge,
          aquarium_subvault_balcony, aquarium_subvault_bridge,
          aquarium_subvault_window], aquarium_bridge_square
          [aquarium_subvault_bridge, aquarium_subvault_balcony,
          aquarium_subvault_wall, aquarium_subvault_window],
          aquarium_window_corner, aquarium_window_1, aquarium_view_2g,
          aquarium_view_2d, aquarium_pool_five, serial_bayou_lagoon_a,
          minmay_misc_feat_more_columns, minmay_vboxes
D:2:      layout_rooms, basic_altar, chequers_serial_rivers_large_a,
          uniq_terence
D:3:      layout_loops_ring, serial_shops, shop, uniq_crazy_yiuf_cottage
D:4:      layout_layer_cave, gammafunk_ghost_abyssal_escape, eino_tiny_chamber,
          uniq_edmund
D:5:      layout_basic, temple_pool_b, serial_shops, nicolae_inconvenience_store

Skill      XL: |  1  2  3  4  5  6  7 |
---------------+----------------------+-----
Stealth        | 2 3 |  3.0
Dodging        | 3 |  3.0
Fighting       | 1 2 3 |  3.6
Short Blades   | 1 2 3 |  3.2
Spellcasting   | 4 5 |  5.1
Conjurations   | 4 5 |  5.1
Hexes          | 4 5 |  5.1
Summonings     | 4 5 |  5.1
Necromancy     | 4 5 |  5.1
Translocations | 4 5 |  5.1
Fire Magic     | 4 5 |  5.1
Ice Magic      | 4 5 |  5.1
Air Magic      | 4 5 |  5.1
Earth Magic    | 4 5 |  5.1
Alchemy        | 4 5 |  5.1

Action                     |  1- 3 |  4- 6 |  7- 9 || total
---------------------------+-------+-------+-------++-------
  Melee: Dagger            |     4 |       |       ||     4
         Short sword       |     4 |     1 |       ||     5
         Quarterstaff      |       |     3 |     3 ||     6
   Cast: Magic Dart        |   103 |   188 |    60 ||   351
         Summon Small Mamm |     2 |    20 |     7 ||    29
         Call Imp          |     1 |    17 |     4 ||    22
         Slow              |       |    15 |     1 ||    16
         Mephitic Cloud    |       |     2 |       ||     2
         Static Discharge  |       |     2 |       ||     2
    Use: Scroll            |     3 |     6 |       ||     9
 Armour: Robe              |     9 |    28 |    20 ||    57
  Dodge: Dodged            |    14 |    26 |     9 ||    49
  Block: Other             |       |    10 |     2 ||    12
         Reflection        |       |     1 |       ||     1
